SL
ROCKY MOUNTAIN NUGGETS @ PHOENIX HOTSPUR
09/14/2020
 
TOP OF THE 1ST
Rocky Mountain Nuggets batting - Pitching for Phoenix Hotspur : RHP Edgar Martínez
Pitching: RHP Edgar Martínez
Batting: LHB Juan Ríos 0-0: Ball
1-0: Called Strike
1-1: Foul Ball, location: 2F
1-2: Foul Ball, location: 2F
1-2: Ground out U3 (Groundball, 3)
Batting: SHB Quan Ge 0-0: Ball
1-0: Fly out, F9 (Flyball, 9M)
Batting: RHB David Verhoeve 0-0: Ball
1-0: Foul Ball, location: 2F
1-1: Ball
2-1: Foul Ball, location: 2F
2-2: SINGLE (Groundball, 13) (infield hit)
Batting: LHB Randy Bowen 0-0: Ground out 4-3 (Groundball, 13)
Top of the 1st over - 0 run(s), 1 hit(s), 0 error(s), 1 left on base; Rocky Mountain 0 - Phoenix 0
BOTTOM OF THE 1ST
Phoenix Hotspur batting - Pitching for Rocky Mountain Nuggets : RHP Richard Allison
Pitching: RHP Richard Allison
Batting: RHB Chriss Mann 0-0: Ball
1-0: Ball
2-0: Ball
3-0: Base on Balls
Batting: LHB Earl Ellis 0-0: Ball
Throwing error on steal attempt, E2
Chriss Mann to third
1-0: Ball
2-0: Ball
3-0: Base on Balls
Batting: RHB Terry Armstrong 0-0: Called Strike
0-1: Called Strike
0-2: Fly out, F3 (Popup, 3L)
Batting: LHB Mike Pace 0-0: Ball
1-0: Foul Ball, location: 2F
1-1: Foul Ball, location: 2F
1-2: Foul Ball, location: 2F
1-2: Fielders Choice at 2nd, 1-6 (Groundball, 23)
Batting: RHB Raúl González 0-0: Ball
Wild Pitch!
Chriss Mann scores
Mike Pace to second
1-0: Foul Ball, location: 2F
1-1: Called Strike
1-2: Foul Ball, location: 2F
1-2: Fly out, F8 (Flyball, 8LM)
Bottom of the 1st over - 1 run(s), 0 hit(s), 1 error(s), 1 left on base; Rocky Mountain 0 - Phoenix 1
TOP OF THE 2ND
Rocky Mountain Nuggets batting - Pitching for Phoenix Hotspur : RHP Edgar Martínez
Batting: RHB Juan Ávila 0-0: Foul Ball, location: 2F
0-1: Fly out, F3 (Popup, 3SF)
Batting: RHB Mark Melton 0-0: Ball
1-0: SOLO HOME RUN (Flyball, 78XD), Distance : 437 ft
Batting: RHB Paul Smith 0-0: Called Strike
0-1: Swinging Strike
0-2: Foul Ball, location: 2F
0-2: Ball
1-2: Fly out, F6 (Popup, 6MD)
Batting: LHB Egidio Agnolutto 0-0: Foul Ball, location: 2F
0-1: Hit by Pitch
Batting: RHB Richard Allison 0-0: Ball
1-0: Ball
2-0: Foul Ball, location: 2F
2-1: DOUBLE (Line Drive, 5D)
Egidio Agnolutto to third
Runner from 3rd tries for Home, SAFE, no throw or cutoff
Batting: LHB Juan Ríos 0-0: Called Strike
0-1: Ball
1-1: Ball
2-1: Called Strike
2-2: Ball
3-2: SINGLE (Groundball, 56)
Richard Allison to third
Richard Allison scores
Batting: SHB Quan Ge 0-0: Ball
1-0: Ball
2-0: Foul Ball, location: 2F
2-1: Ball
3-1: Swinging Strike
3-2: Strikes out swinging
Top of the 2nd over - 3 run(s), 3 hit(s), 0 error(s), 1 left on base; Rocky Mountain 3 - Phoenix 1
BOTTOM OF THE 2ND
Phoenix Hotspur batting - Pitching for Rocky Mountain Nuggets : RHP Richard Allison
Batting: LHB Curt Webb 0-0: Fly out, F6 (Popup, 6D)
Batting: RHB Donald Thompson 0-0: Reached on error, E6 (Groundball, 6)
Batting: LHB Ricardo Miranda 0-0: Foul Ball, location: 2F
0-1: Ball
1-1: Ball
2-1: Foul Ball, location: 2F
2-2: Ball
3-2: Fly out, F7 (Flyball, 7S)
Batting: RHB Edgar Martínez 0-0: Ball
1-0: Foul Ball, location: 2F
1-1: Ground out 5-3 (Groundball, 5)
Bottom of the 2nd over - 0 run(s), 0 hit(s), 1 error(s), 1 left on base; Rocky Mountain 3 - Phoenix 1
TOP OF THE 3RD
Rocky Mountain Nuggets batting - Pitching for Phoenix Hotspur : RHP Edgar Martínez
Batting: RHB David Verhoeve 0-0: Foul Ball, location: 2F
0-1: Called Strike
0-2: Ball
1-2: Ball
2-2: Ball
3-2: Strikes out looking
Batting: LHB Randy Bowen 0-0: Called Strike
0-1: Ground out 6-3 (Groundball, 6)
Batting: RHB Juan Ávila 0-0: Called Strike
0-1: Foul Ball, location: 2F
0-2: Ball
1-2: Ball
2-2: Ball
3-2: SINGLE (Groundball, 6M)
Batting: RHB Mark Melton 0-0: Ball
1-0: Ball
2-0: Foul Ball, location: 2F
2-1: Ball
3-1: Swinging Strike
3-2: Ground out 5-3 (Groundball, 5)
Top of the 3rd over - 0 run(s), 1 hit(s), 0 error(s), 1 left on base; Rocky Mountain 3 - Phoenix 1
BOTTOM OF THE 3RD
Phoenix Hotspur batting - Pitching for Rocky Mountain Nuggets : RHP Richard Allison
Batting: RHB Chriss Mann 0-0: Foul Ball, location: 2F
0-1: Ball
1-1: Ball
2-1: Fly out, F9 (Line Drive, 9M)
Batting: LHB Earl Ellis 0-0: Swinging Strike
0-1: Swinging Strike
0-2: Strikes out swinging
Batting: RHB Terry Armstrong 0-0: Ball
1-0: Foul Ball, location: 2F
1-1: Called Strike
1-2: Foul Ball, location: 2F
1-2: Ball
2-2: Ball
3-2: DOUBLE (Line Drive, 56)
Batting: LHB Mike Pace 0-0: Called Strike
0-1: Hit by Pitch
Batting: RHB Raúl González 0-0: Called Strike
0-1: Ball
1-1: Ball
2-1: Fly out, F8 (Flyball, 78XD)
Bottom of the 3rd over - 0 run(s), 1 hit(s), 0 error(s), 2 left on base; Rocky Mountain 3 - Phoenix 1
TOP OF THE 4TH
Rocky Mountain Nuggets batting - Pitching for Phoenix Hotspur : RHP Edgar Martínez
Pitching: RHP Tom Bowen
Batting: RHB Paul Smith 0-0: Ground out 4-3 (Groundball, 13)
Batting: LHB Egidio Agnolutto 0-0: Ball
1-0: Ball
2-0: Foul Ball, location: 2F
2-1: Ball
3-1: Foul Ball, location: 2F
3-2: Base on Balls
Batting: RHB Richard Allison 0-0: Bunted foul
0-1: Ball
1-1: Ball
2-1: Sac Bunt - play at first, batter OUT! 1-4
Egidio Agnolutto to second
Batting: LHB Juan Ríos 0-0: Ball
1-0: Ball
Wild Pitch!
Egidio Agnolutto to third
2-0: Ball
3-0: Base on Balls
Batting: SHB Quan Ge 0-0: Fly out, F8 (Flyball, 8LXD)
Top of the 4th over - 0 run(s), 0 hit(s), 0 error(s), 2 left on base; Rocky Mountain 3 - Phoenix 1
BOTTOM OF THE 4TH
Phoenix Hotspur batting - Pitching for Rocky Mountain Nuggets : RHP Richard Allison
Batting: LHB Curt Webb 0-0: Foul Ball, location: 2F
0-1: Called Strike
0-2: Strikes out looking
Batting: RHB Donald Thompson 0-0: Called Strike
0-1: Ball
1-1: Ball
2-1: Ball
3-1: Base on Balls
Batting: LHB Ricardo Miranda 0-0: DOUBLE (Flyball, 7LS)
Donald Thompson to third
Pinch Hitting: RHB Phil Johnston 0-0: Ball
1-0: Ball
2-0: Ball
3-0: Called Strike
3-1: Base on Balls
Batting: RHB Chriss Mann 0-0: Fly out, F9 (Flyball, 89S)
Batting: LHB Earl Ellis 0-0: Ball
1-0: Swinging Strike
1-1: SINGLE (Line Drive, 4D)
Donald Thompson scores
Ricardo Miranda to third
Phil Johnston to second
Runner from 3rd tries for Home, SAFE, throw made home
Batting: RHB Terry Armstrong 0-0: Ball
1-0: Fielders Choice at 2nd, U6 (Groundball, 6M)
Bottom of the 4th over - 2 run(s), 2 hit(s), 0 error(s), 2 left on base; Rocky Mountain 3 - Phoenix 3
TOP OF THE 5TH
Rocky Mountain Nuggets batting - Pitching for Phoenix Hotspur : RHP Tom Bowen
Pitching: RHP Miguel Herrera
Batting: RHB David Verhoeve 0-0: Ball
1-0: Called Strike
1-1: Ball
2-1: Ball
3-1: Base on Balls
Batting: LHB Randy Bowen 0-0: Ball
1-0: Ball
2-0: Called Strike
2-1: Ball
3-1: Grounds into double play, 6-4-3 (Groundball, 6M)
Batting: RHB Juan Ávila 0-0: Ball
1-0: Swinging Strike
1-1: Foul Ball, location: 2F
1-2: Ball
2-2: Foul Ball, location: 2F
2-2: Strikes out swinging
Top of the 5th over - 0 run(s), 0 hit(s), 0 error(s), 0 left on base; Rocky Mountain 3 - Phoenix 3
BOTTOM OF THE 5TH
Phoenix Hotspur batting - Pitching for Rocky Mountain Nuggets : RHP Richard Allison
Batting: LHB Mike Pace 0-0: Called Strike
0-1: Called Strike
0-2: Strikes out looking
Batting: RHB Raúl González 0-0: Ball
1-0: Swinging Strike
1-1: Ball
2-1: Ground out 5-3 (Groundball, 5S)
Batting: LHB Curt Webb 0-0: Ball
1-0: Ball
2-0: Called Strike
2-1: Ground out 4-3 (Groundball, 4)
Bottom of the 5th over - 0 run(s), 0 hit(s), 0 error(s), 0 left on base; Rocky Mountain 3 - Phoenix 3
TOP OF THE 6TH
Rocky Mountain Nuggets batting - Pitching for Phoenix Hotspur : RHP Miguel Herrera
Batting: RHB Mark Melton 0-0: Ball
1-0: Ball
2-0: Called Strike
2-1: Ball
3-1: Ground out 1-3 (Groundball, 13)
Batting: RHB Paul Smith 0-0: Ball
1-0: Foul Ball, location: 2F
1-1: Swinging Strike
1-2: Strikes out looking
Batting: LHB Egidio Agnolutto 0-0: Ball
1-0: Foul Ball, location: 2F
1-1: Swinging Strike
1-2: Foul Ball, location: 2F
1-2: Fly out, F9 (Flyball, 9D)
Top of the 6th over - 0 run(s), 0 hit(s), 0 error(s), 0 left on base; Rocky Mountain 3 - Phoenix 3
BOTTOM OF THE 6TH
Phoenix Hotspur batting - Pitching for Rocky Mountain Nuggets : RHP Richard Allison
Batting: RHB Donald Thompson 0-0: Foul Ball, location: 2F
0-1: Foul Ball, location: 2F
0-2: Ground out 5-3 (Groundball, 5S)
Batting: LHB Ricardo Miranda 0-0: Fly out, F5 (Popup, 5)
Pinch Hitting: RHB Phil Terry 0-0: Called Strike
0-1: Ball
1-1: Swinging Strike
1-2: Ball
2-2: Ball
3-2: Foul Ball, location: 2F
3-2: Base on Balls
Batting: RHB Chriss Mann 0-0: Foul Ball, location: 2F
0-1: Foul Ball, location: 2F
0-2: Ball
1-2: Ball
2-2: Foul Ball, location: 2F
2-2: Ground out 1-3 (Groundball, 15S)
Bottom of the 6th over - 0 run(s), 0 hit(s), 0 error(s), 1 left on base; Rocky Mountain 3 - Phoenix 3
TOP OF THE 7TH
Rocky Mountain Nuggets batting - Pitching for Phoenix Hotspur : RHP Miguel Herrera
Pitching: RHP Feliks Mleczko
Batting: RHB Richard Allison 0-0: Swinging Strike
0-1: Swinging Strike
0-2: Foul Ball, location: 2F
0-2: Strikes out swinging
Batting: LHB Juan Ríos 0-0: Ball
1-0: Foul Ball, location: 2F
1-1: Ball
2-1: Called Strike
2-2: Ground out 5-3 (Groundball, 56S)
Batting: SHB Quan Ge 0-0: Called Strike
0-1: Called Strike
0-2: Foul Ball, location: 2F
0-2: Ball
1-2: Foul Ball, location: 2F
1-2: Hit by Pitch
Batting: RHB David Verhoeve 0-0: Called Strike
0-1: SINGLE (Groundball, 56S) (infield hit)
Quan Ge to second
Batting: LHB Randy Bowen 0-0: Ball
1-0: Called Strike
1-1: SINGLE (Groundball, 4M)
Quan Ge to third
David Verhoeve to second
Runner from 3rd tries for Home, SAFE, no throw or cutoff
Pinch Hitting: LHB Jason Potter 0-0: Ball
1-0: Ball
2-0: SINGLE (Groundball, 34) (infield hit)
David Verhoeve to third
Randy Bowen to second
Batting: RHB Mark Melton 0-0: Ball
1-0: Ball
2-0: Ball
3-0: Called Strike
3-1: Foul Ball, location: 2F
3-2: Base on Balls
David Verhoeve scores
Randy Bowen to third
Jason Potter to second
Batting: RHB Paul Smith 0-0: Ball
1-0: Ball
2-0: Ball
3-0: Base on Balls
Randy Bowen scores
Jason Potter to third
Mark Melton to second
Pitching: LHP Jeff Burrell
Pinch Hitting: RHB Mark O'Monaghan 0-0: Foul Ball, location: 2F
0-1: Ground out 6-3 (Groundball, 6)
Top of the 7th over - 3 run(s), 3 hit(s), 0 error(s), 3 left on base; Rocky Mountain 6 - Phoenix 3
BOTTOM OF THE 7TH
Phoenix Hotspur batting - Pitching for Rocky Mountain Nuggets : RHP Richard Allison
Now at 1B: Jason Potter
Now in CF: Xie-li Kan
Batting: LHB Earl Ellis 0-0: Ball
1-0: Ball
2-0: Ball
3-0: Base on Balls
Batting: RHB Terry Armstrong 0-0: Called Strike
0-1: SINGLE (Line Drive, 7S)
Earl Ellis to second
Batting: LHB Mike Pace 0-0: Ball
1-0: Called Strike
1-1: 3-RUN HOME RUN (Flyball, 89D), Distance : 424 ft
Pitching: RHP Artie Horton
Now in CF: Peter Paul
Batting: RHB Raúl González 0-0: Called Strike
0-1: Ball
1-1: Ball
2-1: Foul Ball, location: 2F
2-2: Ball
3-2: Fly out, F7 (Flyball, 7S)
Batting: LHB Curt Webb 0-0: Ball
1-0: Foul Ball, location: 2F
1-1: Foul Ball, location: 2F
1-2: Ground out U3 (Groundball, 3)
Batting: RHB Donald Thompson 0-0: Ball
1-0: Ground out 6-3 (Groundball, 6M)
Bottom of the 7th over - 3 run(s), 2 hit(s), 0 error(s), 0 left on base; Rocky Mountain 6 - Phoenix 6
TOP OF THE 8TH
Rocky Mountain Nuggets batting - Pitching for Phoenix Hotspur : LHP Jeff Burrell
Batting: LHB Peter Paul 0-0: SINGLE (Groundball, 3D)
Batting: LHB Juan Ríos 0-0: Called Strike
0-1: Sac Bunt - play at first, batter OUT! 1-3
Peter Paul to second
Batting: SHB Quan Ge 0-0: Ball
1-0: Ball
2-0: Ball
3-0: Called Strike
3-1: SINGLE (Line Drive, 78S)
Peter Paul to third
Batting: RHB David Verhoeve 0-0: Ball
1-0: Foul Ball, location: 2F
1-1: Fly out, F8 (Flyball, 8LS)
Batting: LHB Randy Bowen 0-0: Ground out 4-3 (Groundball, 4)
Top of the 8th over - 0 run(s), 2 hit(s), 0 error(s), 2 left on base; Rocky Mountain 6 - Phoenix 6
BOTTOM OF THE 8TH
Phoenix Hotspur batting - Pitching for Rocky Mountain Nuggets : RHP Artie Horton
Batting: LHB Ricardo Miranda 0-0: Ball
1-0: Ball
2-0: Foul Ball, location: 2F
2-1: Swinging Strike
2-2: Ground out 6-3 (Groundball, 6)
Pinch Hitting: RHB Steve Brandon 0-0: Called Strike
0-1: Ball
1-1: Ball
2-1: Foul Ball, location: 2F
2-2: Foul Ball, location: 2F
2-2: SINGLE (Line Drive, 8LS)
Batting: RHB Chriss Mann 0-0: Ball
1-0: Bunted foul
1-1: Bunted foul
1-2: Ball
2-2: Ball
3-2: Foul Ball, location: 2F
3-2: Base on Balls
Steve Brandon to second
Batting: LHB Earl Ellis 0-0: Called Strike
0-1: Ball
1-1: Ball
2-1: Ball
3-1: Swinging Strike
3-2: Base on Balls
Steve Brandon to third
Chriss Mann to second
Batting: RHB Terry Armstrong 0-0: Swinging Strike
0-1: Ball
1-1: Foul Ball, location: 2F
1-2: Strikes out swinging
Batting: LHB Mike Pace 0-0: Ball
1-0: Called Strike
1-1: Fly out, F4 (Popup, 3L)
Bottom of the 8th over - 0 run(s), 1 hit(s), 0 error(s), 3 left on base; Rocky Mountain 6 - Phoenix 6
TOP OF THE 9TH
Rocky Mountain Nuggets batting - Pitching for Phoenix Hotspur : LHP Jeff Burrell
Pitching: RHP Craig Moody
Batting: LHB Jason Potter 0-0: Fly out, F8 (Flyball, 8LXD)
Batting: RHB Mark Melton 0-0: Foul Ball, location: 2F
0-1: Swinging Strike
0-2: Fly out, F7 (Flyball, 7M)
Batting: RHB Paul Smith 0-0: Called Strike
0-1: Called Strike
0-2: Strikes out swinging
Top of the 9th over - 0 run(s), 0 hit(s), 0 error(s), 0 left on base; Rocky Mountain 6 - Phoenix 6
BOTTOM OF THE 9TH
Phoenix Hotspur batting - Pitching for Rocky Mountain Nuggets : RHP Artie Horton
Pitching: RHP Juan Carlos Maestas
Batting: RHB Raúl González 0-0: Called Strike
0-1: Ground out 1-3 (Groundball, 15)
Batting: LHB Curt Webb 0-0: Called Strike
0-1: Fly out, F7 (Flyball, 7S)
Batting: RHB Donald Thompson 0-0: Ball
1-0: Fly out, F8 (Flyball, 8LXD)
Bottom of the 9th over - 0 run(s), 0 hit(s), 0 error(s), 0 left on base; Rocky Mountain 6 - Phoenix 6
TOP OF THE 10TH
Rocky Mountain Nuggets batting - Pitching for Phoenix Hotspur : RHP Craig Moody
Pinch Hitting: SHB Jorge Colomo 0-0: Ball
1-0: Ball
2-0: Ball
3-0: Base on Balls
Batting: LHB Peter Paul 0-0: Reached on error, E1 (Groundball, 15S)
Jorge Colomo to second
Batting: LHB Juan Ríos 0-0: Ball
1-0: Called Strike
1-1: Swinging Strike
1-2: Fly out, F5 (Popup, 5S)
Batting: SHB Quan Ge 0-0: Foul Ball, location: 2F
0-1: Grounds into double play, 1-6-3 (Groundball, 15)
Top of the 10th over - 0 run(s), 0 hit(s), 1 error(s), 1 left on base; Rocky Mountain 6 - Phoenix 6
BOTTOM OF THE 10TH
Phoenix Hotspur batting - Pitching for Rocky Mountain Nuggets : RHP Juan Carlos Maestas
Pitching: LHP Alfonso Zapata
Pinch Hitting: RHB Bob McNeil 0-0: Called Strike
0-1: Ball
1-1: SINGLE (Groundball, 6MD)
Pinch Hitting: RHB Daniel Cooper 0-0: Bunted foul
0-1: Ball
1-1: Bunted foul
1-2: Fielders Choice at 2nd, 4-6 (Groundball, 34)
Batting: RHB Chriss Mann 0-0: Called Strike
0-1: Ball
1-1: Fielders Choice at 2nd, 6-4 (Groundball, 6)
Batting: LHB Earl Ellis 0-0: Ball
1-0: Ball
2-0: SINGLE (Groundball, 34)
Chriss Mann to second
Runner from 2nd tries for 3rd, OUT!
Bottom of the 10th over - 0 run(s), 2 hit(s), 0 error(s), 1 left on base; Rocky Mountain 6 - Phoenix 6
TOP OF THE 11TH
Rocky Mountain Nuggets batting - Pitching for Phoenix Hotspur : RHP Craig Moody
Pitching: RHP Chris Schaefer
Now at 3B: Bob McNeil
Batting: RHB David Verhoeve 0-0: Ball
1-0: Ball
2-0: Foul Ball, location: 2F
2-1: Ball
3-1: Base on Balls
Batting: LHB Randy Bowen 0-0: Ground out U3 (Groundball, 3S)
David Verhoeve to second
Batting: LHB Jason Potter 0-0: Ball
1-0: Ball
2-0: Called Strike
2-1: Swinging Strike
2-2: Ball
3-2: Base on Balls
Batting: RHB Mark Melton 0-0: Ball
1-0: Called Strike
1-1: SINGLE (Groundball, 56)
David Verhoeve to third
Jason Potter to second
Runner from 3rd tries for Home, SAFE, no throw or cutoff
Batting: RHB Paul Smith 0-0: Ball
1-0: Swinging Strike
1-1: Swinging Strike
1-2: Fly out, F7 (Flyball, 78S)
Batting: RHB Alfonso Zapata 0-0: Called Strike
0-1: DOUBLE (Groundball, 5L)
Jason Potter scores
Mark Melton to third
Runner from 3rd tries for Home, SAFE, no throw or cutoff
Pitching: RHP Dexter Young
Batting: LHB Peter Paul 0-0: Foul Ball, location: 2F
0-1: Ground out 4-3 (Groundball, 4)
Top of the 11th over - 3 run(s), 2 hit(s), 0 error(s), 1 left on base; Rocky Mountain 9 - Phoenix 6
BOTTOM OF THE 11TH
Phoenix Hotspur batting - Pitching for Rocky Mountain Nuggets : LHP Alfonso Zapata
Batting: RHB Terry Armstrong 0-0: Ball
1-0: SINGLE (Popup, 9LS)
Batting: LHB Mike Pace 0-0: Ball
1-0: Ball
2-0: Ground out 4-3 (Groundball, 13)
Terry Armstrong to second
Batting: RHB Raúl González 0-0: Ball
1-0: Foul Ball, location: 2F
1-1: Foul Ball, location: 2F
1-2: Ball
2-2: Ball
3-2: Foul Ball, location: 2F
3-2: Strikes out swinging
Batting: LHB Curt Webb 0-0: Ball
1-0: Called Strike
1-1: SINGLE (Line Drive, 34)
Terry Armstrong to third
Batting: RHB Donald Thompson 0-0: Ball
1-0: Ball
2-0: Foul Ball, location: 2F
2-1: DOUBLE (Groundball, 5L)
Terry Armstrong scores
Curt Webb to third
Runner from 3rd tries for Home, SAFE, no throw or cutoff
Batting: RHB Bob McNeil 0-0: Ground out 1-3 (Groundball, 25)
Bottom of the 11th over - 2 run(s), 3 hit(s), 0 error(s), 1 left on base; Rocky Mountain 9 - Phoenix 8
This league is powered by Out of the Park Baseball, the baseball management simulation game for PC, Mac and Linux
Friday, October 23rd, 2015 - OOTP Baseball 16.9 Build 39